 Dungeon Crawl Stone Soup version 0.29.1-12-g30fa7ad0bf (webtiles) character file.

Game seed: 6724382843851376047

19070 112233 the Earth Mage (level 13, -7/64 (97) HPs)
             Began as a Formicid Earth Elementalist on Dec 22, 2022.
             Was an Elder of Vehumet.
             Mangled by an orc knight
             ... wielding a +0 war axe
              (12 damage)
             ... on level 2 of the Orcish Mines.
             The game lasted 00:19:52 (16659 turns).

112233 the Earth Mage (FoEE)                       Turns: 16659, Time: 00:19:53

HP:   -7/64 (97)    AC:  7    Str: 15    XL:     13   Next: 1%
MP:   23/30         EV: 13    Int: 24    God:    Vehumet [****..]
Gold: 1034          SH:  8    Dex: 14    Spells: 28/38 levels left

rFire   . . .      SeeInvis +   r - +3 whip (venom)
rCold   . . .      Faith    +   H - +3 buckler "Ronua" {rElec}
rNeg    . . .      Spirit   .   a - +1 robe
rPois   .          Reflect  .   (helmet unavailable)
rElec   +          Harm     .   G - +2 cloak
rCorr   .          Rampage  .   (no gloves)
Will    +....                   z - +0 pair of boots
Stlth   ++........              e - amulet of faith
HPRegen 0.20/turn               i - ring of wizardry
MPRegen 0.22/turn               N - +6 ring of intelligence

@: very heavily drained
A: permanent stasis, dig shafts and tunnels, antennae 3, four strong arms
a: Dig, Shaft Self, Renounce Religion


You were on level 2 of the Orcish Mines.
You worshipped Vehumet.
Vehumet was greatly pleased with you.
You visited 3 branches of the dungeon, and saw 15 of its levels.
You also visited: Ice Cave.

You collected 1034 gold pieces.

Inventory:

Hand Weapons
 d - the +10 dark maul {vorpal}
   (You took it off a two-headed ogre on level 10 of the Dungeon)

   It inflicts extra damage upon your enemies.
 p - a +2 dagger of flaming
 r - a +3 whip of venom (weapon)
 w - a +0 dagger of speed
Armour
 a - a +1 robe (worn)
 v - the +1 robe "Femalube" {Harm MP+9}
   (You found it on level 11 of the Dungeon)

   MP:        It affects your magic capacity (+9).
   Harm:      It increases damage dealt and taken.
 z - a +0 pair of boots (worn)
 G - a +2 cloak (worn)
 H - the +3 buckler "Ronua" (worn) {rElec}
   (You found it on level 9 of the Dungeon)

   rElec:     It insulates you from electricity.
Jewellery
 e - an amulet of faith (around neck)
 i - a ring of wizardry (left hand)
 I - a +4 ring of evasion
 J - an amulet of the acrobat
 M - an amulet of regeneration
 N - a +6 ring of intelligence (right hand)
 O - a ring of fire
Wands
 k - a wand of flame (19)
 x - a wand of polymorph (13)
 E - a wand of iceblast (5)
 K - a wand of digging (5)
Scrolls
 g - 2 scrolls of poison
 j - 4 scrolls of amnesia
 q - 3 scrolls of vulnerability
 y - 2 scrolls of magic mapping
 B - a scroll of noise
 C - 5 scrolls of enchant weapon
 D - a scroll of enchant armour
 P - a scroll of immolation
 R - a scroll of identify
Potions
 b - a potion of cancellation
 c - a potion of invisibility
 f - 4 potions of curing
 h - 2 potions of might
 l - 3 potions of ambrosia
 m - 2 potions of flight
 n - a potion of haste
 s - a potion of mutation
 A - a potion of heal wounds
 F - 2 potions of attraction
 L - 2 potions of brilliance


   Skills:
 * Level 7.6 Fighting
 + Level 4.8 Dodging
 - Level 2.6 Stealth
 - Level 5.0 Shields
 + Level 13.1 Spellcasting
 - Level 1.2 Transmutations
 + Level 15.6 Earth Magic


You had 28 spell levels left.
You knew the following spells:

 Your Spells              Type           Power      Damage    Failure   Level
a - Sandblast             Erth           100%       2d20      0%          1
b - Stone Arrow           Conj/Erth      100%       3d13      1%          3
c - Petrify               Tmut/Erth      54%        N/A       1%          4
d - Passwall              Tmut/Erth      45%        N/A       1%          2

Your spell library contained the following spells:

 Spells                   Type           Power      Damage    Failure   Level
 Lee's Rapid Deconstruct  Erth           37%        3d19*     1%          5
 Scorch                   Fire           30%        2d6       1%          2
 Sublimation of Blood     Necr           15%        N/A       2%          2
 Flame Wave               Conj/Fire      15%        2d7       5%          4
 Vampiric Draining        Necr           15%        2d7       6%          3
 Anguish                  Hex/Necr       7%         N/A       17%         4
 Corpse Rot               Necr/Pois/Air  15%        N/A       17%         4
 Simulacrum               Ice/Necr       7%         N/A       93%         6
 Summon Cactus Giant      Summ           7%         N/A       93%         6


Dungeon Overview and Level Annotations

Branches:
Dungeon (12/15)            Temple (1/1) D:7            Lair (0/5) D:11
    Orc (2/2) D:9             Elf (0/3) Orc:2         IceCv (visited)

Altars:
Cheibriados
Dithmenos
Elyvilon
Hepliaklqana
Makhleb
Nemelex Xobeh
Okawaru
Qazlal
Ru
Trog
Uskayaw
Vehumet
Wu Jian
Yredelemnul
Zin
The Shining One

Shops:
D:2 *   D:12 *

Portals:
Trove: D:11 (give 14 potions of heal wounds)

Annotations:
D:8 1 runed translucent door, NerdRage255's ghost, novice MiBe


Innate Abilities, Weirdness & Mutations

You cannot be hasted, slowed, berserked, paralysed or teleported.
You can dig through walls and to a lower floor.
You have a pair of large antennae on your head. (SInv)
Your four strong arms can wield two-handed weapons with a shield.


Message History

Press: ? - help, Shift-Dir - straight line, f/p - orc knight
Aim: an orc knight, wielding a +0 war axe and wearing a +0 plate armour (78% to hit)
The stone arrow hits the orc knight!
The orc knight is lightly wounded.
The orc knight hits you with a +0 war axe!!
Unknown command.
Casting: Stone Arrow (safe; 1% risk of failure)
Confirm with . or Enter, or press ? or * to list all spells.
Aiming: Stone Arrow (safe; 1% risk of failure)
Press: ? - help, Shift-Dir - straight line, f/p - orc knight
Aim: an orc knight, wielding a +0 war axe and wearing a +0 plate armour (lightly wounded, 78% to hit)
The stone arrow hits the orc knight!
The orc knight is moderately wounded.
The orc knight hits you with a +0 war axe!
* * * LOW HITPOINT WARNING * * *
Unknown command.
As you read the scroll of summoning, it crumbles to dust.
Wisps of shadow whirl around you...
The orc knight roars a battlecry!
The orc goes into a battle-frenzy!
Unknown command.
You swap places.
The orc knight hits your ogre with a +0 war axe!!
Your ogre hits the orc knight but does no damage.
Unknown command.
Okay, then.
Casting: Stone Arrow (safe; 1% risk of failure)
Confirm with . or Enter, or press ? or * to list all spells.
Okay, then.
Casting: Stone Arrow (safe; 1% risk of failure)
Confirm with . or Enter, or press ? or * to list all spells.
Aiming: Passwall (safe; 1% risk of failure)
Press: ? - help, Dir - move target, p - orc knight A rock wall.
The orc knight hits your ogre with a +0 war axe!!
Your ogre dies!
Your ogre's corpse dissolves into shadows!
You begin to meditate on the wall.
You continue meditating on the rock. x2
The orc knight hits you with a +0 war axe!
You die...

..............#
.............##
)#........{...##
.....#..)......##
......#.#.).#.#.##
...........)##.#.#
.......)...)..##o#
.........))....#o#
........o))...##@#
.....#...).)..####
.....o........#
.....#.......##
..............##
...............#
..............##
..............#
.............##


You could see an orc knight and an orc (strong).

Vanquished Creatures
  6 two-headed ogres
  Sonja (D:10)
  Pikel (D:4)
  A cyclops (D:10)
  A manticore (D:12)
  Maurice (D:8)
  Psyche (D:8)
  2 kobold demonologists (D:10)
  3 trolls
  A hornet (D:8)
  A shadow (D:12)
  2 centaur simulacra (D:12)
  17 yaks
  4 wyverns (D:11)
  2 wraiths
  A basilisk (D:11)
  3 vampire mosquitoes (D:11)
  3 wargs
  Edmund (D:5)
  6 water moccasins
  An acid dragon (D:10)
  22 orc warriors
  2 sky beasts
  3 ice beasts
  A black bear (D:4)
  3 ogres
  12 centaurs
  A wolf (D:12)
  2 phantoms (D:5)
  3 lemures
  2 kobold brigands (D:10)
  A necrophage (D:7)
  4 scorpions
  3 bullfrogs
  A gnoll sergeant (D:11)
  3 wights (D:9)
  5 killer bees (D:9)
  3 howler monkeys
  An electric eel (D:10)
  5 hounds
  6 orc priests
  A gnoll bouda (D:3)
  3 jellies
  3 iguanas
  13 orc wizards
  9 adders
  12 gnolls
  A shadow imp (D:6)
  2 white imps
  An ufetubus (D:12)
  5 worms
  A dart slug (D:1)
  57 orcs
  2 ball pythons (D:1)
  5 bats
  10 endoplasms
  2 giant cockroaches
  13 goblins
  4 hobgoblins
  9 jackals
  4 quokkas
  4 frilled lizards
  12 kobolds
  4 rats
319 creatures vanquished.

Vanquished Creatures (others)
  A wizard (D:8)
  2 bushes (D:11)
  5 fungi (D:11)
  23 plants
31 creatures vanquished.

Grand Total: 350 creatures vanquished

Notes
Turn   | Place    | Note
-------+----------+-------------------------------------------
     0 | D:1      | 112233 the Formicid Earth Elementalist began the quest for
                  | the Orb.
     0 | D:1      | Reached XP level 1. HP: 13/13 MP: 3/3
   143 | D:1      | Reached XP level 2. HP: 19/19 MP: 3/5
   203 | D:1      | Found a faded altar of an unknown god.
   309 | D:1      | Reached skill level 4 in Earth Magic
   637 | D:1      | Reached XP level 3. HP: 24/24 MP: 5/7
  1103 | D:2      | Reached XP level 4. HP: 27/30 MP: 5/8
  1221 | D:2      | Reached skill level 5 in Earth Magic
  1432 | D:2      | Reached XP level 5. HP: 35/35 MP: 7/10
  1591 | D:2      | Found Qopap's General Store.
  1933 | D:3      | HP: 1/35 [orc/+0 hand axe (6)]
  2630 | D:3      | Reached XP level 6. HP: 36/41 MP: 7/12
  2696 | D:3      | Identified the +6 hand axe of Disorder {freeze, Stlth+}
  2737 | D:3      | Found a shadowy altar of Dithmenos.
  2837 | D:3      | Found a snail-covered altar of Cheibriados.
  2840 | D:3      | Found a burning altar of Makhleb.
  2842 | D:3      | Found a radiant altar of Vehumet.
  2843 | D:3      | Found an iron altar of Okawaru.
  2843 | D:3      | Found a stormy altar of Qazlal.
  2843 | D:3      | Found a sparkling altar of Nemelex Xobeh.
  2853 | D:3      | Reached skill level 6 in Earth Magic
  2857 | D:3      | Became a worshipper of Vehumet
  3064 | D:4      | Noticed Pikel
  3304 | D:3      | Learned a level 3 spell: Stone Arrow
  3693 | D:3      | Learned a level 4 spell: Petrify
  3956 | D:4      | Reached skill level 5 in Spellcasting
  4091 | D:4      | Reached XP level 7. HP: 46/46 MP: 12/14
  4136 | D:4      | Killed Pikel
  4137 | D:4      | Reached skill level 8 in Earth Magic
  4137 | D:4      | Reached XP level 8. HP: 38/52 MP: 2/17
  4831 | D:4      | Reached * piety under Vehumet
  4831 | D:4      | Offered knowledge of Freeze by Vehumet.
  5227 | D:5      | Entered Level 5 of the Dungeon
  5430 | D:5      | Reached skill level 9 in Earth Magic
  5454 | D:5      | Noticed Edmund
  5465 | D:5      | You fall into a shaft and drop 2 floors!
  5884 | D:5      | Reached XP level 9. HP: 57/57 MP: 8/20
  6196 | D:5      | Killed Edmund
  6197 | D:5      | Reached skill level 10 in Earth Magic
  6297 | D:5      | Found a glowing silver altar of Zin.
  7250 | D:6      | Offered knowledge of Magic Dart by Vehumet.
  7560 | D:6      | Reached skill level 11 in Earth Magic
  7858 | D:7      | Found a staircase to the Ecumenical Temple.
  7916 | Temple   | Entered the Ecumenical Temple
  8226 | D:7      | Reached XP level 10. HP: 63/63 MP: 19/23
  9078 | D:8      | Found a bloodstained altar of Trog.
  9173 | D:8      | Noticed NerdRage255's ghost (novice MiBe)
  9176 | D:8      | Found a runed translucent door.
  9249 | D:8      | Reached skill level 10 in Spellcasting
  9249 | D:8      | Reached skill level 12 in Earth Magic
  9496 | D:8      | Noticed Psyche
  9504 | D:8      | Killed Psyche
  9505 | D:8      | Reached ** piety under Vehumet
  9746 | D:8      | Noticed Maurice
  9754 | D:8      | Killed Maurice
 10156 | D:8      | Noticed a wizard
 10158 | D:8      | Killed a wizard
 10223 | D:9      | Identified the +3 buckler "Ronua" {rElec}
 10480 | D:9      | Reached skill level 13 in Earth Magic
 10840 | D:9      | You fall into a shaft and drop 1 floor!
 10840 | D:10     | Entered Level 10 of the Dungeon
 10849 | D:10     | Noticed Sonja
 10855 | D:10     | Killed Sonja
 10856 | D:10     | Reached XP level 11. HP: 68/68 MP: 19/26
 10952 | D:10     | Noticed a soul eater
 10956 | D:10     | You fall into a shaft and drop 2 floors!
 11054 | D:12     | Reached skill level 14 in Earth Magic
 11132 | D:12     | Noticed a manticore
 11135 | D:12     | Killed a manticore
 11283 | D:12     | Found Kuixoebog's General Store.
 11559 | D:12     | Found a frozen archway.
 11570 | IceCv    | Entered an ice cave
 11826 | D:11     | Learned a level 2 spell: Passwall
 11920 | D:11     | Identified the +1 robe "Femalube" {Harm MP+9}
 11942 | D:11     | Reached skill level 1 in Fighting
 12011 | D:11     | Reached skill level 1 in Shields
 12023 | D:11     | Noticed a two-headed ogre
 12034 | D:11     | Killed a two-headed ogre
 12055 | D:11     | Offered knowledge of Ignite Poison by Vehumet.
 12283 | D:11     | Found a portal to a secret trove of treasure.
 12392 | D:11     | Found a staircase to the Lair.
 12541 | D:11     | Reached *** piety under Vehumet
 12741 | D:11     | Reached XP level 12. HP: 81/83 MP: 18/28
 12952 | D:10     | Found a white marble altar of Elyvilon.
 13020 | D:10     | Found a sacrificial altar of Ru.
 13417 | D:9      | Offered knowledge of Fulminant Prism by Vehumet.
 13684 | D:9      | Got the Incunable of Black Mysteries
 13695 | D:9      | Found a staircase to the Orcish Mines.
 13726 | D:9      | Reached skill level 15 in Earth Magic
 14174 | D:10     | Reached skill level 5 in Fighting
 14407 | D:10     | Noticed a two-headed ogre
 14411 | D:10     | Killed a two-headed ogre
 14437 | D:10     | Noticed a two-headed ogre
 14438 | D:10     | Noticed a two-headed ogre
 14449 | D:10     | Killed a two-headed ogre
 14799 | D:10     | Noticed a two-headed ogre
 14806 | D:10     | Killed a two-headed ogre
 14821 | D:10     | Reached skill level 5 in Shields
 15031 | D:10     | Noticed a two-headed ogre
 15038 | D:10     | Killed a two-headed ogre
 15224 | D:10     | Killed a two-headed ogre
 15420 | Orc:1    | Entered Level 1 of the Orcish Mines
 15608 | Orc:2    | Entered Level 2 of the Orcish Mines
 16082 | Orc:2    | Found a staircase to the Elven Halls.
 16104 | Orc:2    | Reached **** piety under Vehumet
 16271 | Orc:2    | Offered knowledge of Lee's Rapid Deconstruction by Vehumet.
 16621 | Orc:2    | Reached XP level 13. HP: 20/80 MP: 9/30
 16659 | Orc:2    | Mangled by an orc knight

Illustrated notes

Levels and vault maps discovered:
D:1:      dpeg_arrival_ternary, layout_loops_ring,
          shapermc_ecumenical_altar_notcrosses
D:2:      layout_basic, serial_shops, shop, minmay_tromino_mix6
D:3:      layout_basic, nicolae_dithmenos_through_a_glass_darkly,
          grunt_temple_overflow_open
D:4:      layout_basic, uniq_pikel
D:5:      layout_loops_ring, mainiacjoe_overflow_boulevard, serial_bayou_pond_a,
          corexii_item_surrounded_by_moat, uniq_edmund
D:6:      layout_loops_ring
D:7:      layout_cave_pools, minmay_temple_entry_stoned_glass
D:8:      nicolae_BIG_FREAKIN_CUBE, layout_cave_pods, trog_wizard,
          hellmonk_ghost_happy_afterlife, uniq_psyche, uniq_maurice
D:9:      layout_basic, david_orc_1_choice, enter_bailey_3
D:10:     layout_basic, mainiacjoe_overflow_catch_the_wave, serial_glass,
          glass_columns_a, glass_columns_a, glass_columns_a, glass_columns_a,
          due_unseen_surprise, item_on_display_a, minmay_strange_pillars,
          feat_on_display, chequers_avenue, hellmonk_guarded_unrand_dark_maul,
          uniq_sonja
D:11:     layout_rooms, minmay_lair_entry_grove, enter_trove_2,
          onia_ninara_dug_in_and_dangerous
D:12:     layout_irregular_city, serial_shops, kennysheep_little_box,
          serial_ice, serial_ice_k, serial_ice_n, serial_ice_a, serial_ice_o,
          serial_ice_d, portal_ice_cave_entry_pillars_1,
          einodemon_barbed_minivault
Temple:   bh_familiar_temple
Orc:1:    layout_diamond_mine
Orc:2:    st_orc_rangers, layout_diamond_mine, basic_altar

Skill      XL: |  1  2  3  4  5  6  7  8  9 10 11 12 |
---------------+-------------------------------------+-----
Earth Magic    | 4 5 6 8 9 11 13 14 15 | 15.6
Spellcasting   | 3 4 5 6 7 9 11 12 13 | 13.1
Dodging        | 2 4 |  4.8
Fighting       | 3 7 |  7.6
Shields        | 3 5 |  5.0
Stealth        | |  2.6
Transmutations | |  1.2

Action                   |  1- 3 |  4- 6 |  7- 9 | 10-12 | 13-15 || total
-------------------------+-------+-------+-------+-------+-------++-------
Melee: Unarmed           |     2 |       |       |       |       ||     2
       Punch             |     1 |       |       |       |       ||     1
       Whip              |       |     3 |     1 |    11 |     3 ||    18
       Dagger            |       |     3 |       |       |       ||     3
 Cast: Sandblast         |    35 |   109 |    18 |    54 |       ||   216
       Stone Arrow       |       |     5 |   120 |   306 |     5 ||   436
       Passwall          |       |       |       |     1 |     1 ||     2
 Abil: Shaft Self        |       |       |     1 |     1 |       ||     2
       Dig               |       |       |       |     1 |     1 ||     2
Evoke: Wand              |       |     1 |       |     6 |     4 ||    11
  Use: Potion            |       |     3 |     3 |     1 |     2 ||     9
       Scroll            |       |       |     3 |    20 |     1 ||    24
Armor: Robe              |     2 |    15 |     6 |    20 |     3 ||    46
Dodge: Dodged            |     3 |    50 |    27 |    80 |     8 ||   168
Block: Buckler           |       |       |       |    74 |     7 ||    81
